 Dungeon Crawl Stone Soup version 0.29.0-15-g675c0067aa (webtiles) character file.

Game seed: 17700682645135244726

2 Flugkiller the Firebug (level 1, 0/10 HPs)
             Began as a Kobold Fire Elementalist on Sept 11, 2022.
             Slain by a jackal (1 damage)
             ... on level 1 of the Dungeon.
             The game lasted 00:00:13 (22 turns).

Flugkiller the Firebug (Kobold Fire Elementalist)     Turns: 22, Time: 00:00:14

Health: 0/10       AC:  2    Str:  5    XL:     1   Next: 44%
Magic:  3/3        EV: 15    Int: 16    God:
Gold:   0          SH:  0    Dex: 15    Spells: 3/4 levels left

rFire   . . .      SeeInvis .   (weapon restricted)
rCold   . . .      Faith    .   (no shield)
rNeg    . . .      Spirit   .   a - +0 robe
rPois   .          Reflect  .   (no helmet)
rElec   .          Harm     .   (no cloak)
rCorr   .          Rampage  .   (no gloves)
Will    .....                   (no boots)
Stlth   +++.......              (no amulet)
HPRegen 0.03/turn               (no ring)
MPRegen 0.08/turn               (no ring)

@: no status effects
A: small, no large weapons, nightstalker 3
a: no special abilities


You were on level 1 of the Dungeon.
You visited 1 branch of the dungeon, and saw 1 of its levels.

Inventory:

Armour
 a - a +0 robe (worn)


   Skills:
 - Level 2.4 Dodging
 - Level 2.6 Stealth
 + Level 2.3 Spellcasting
 + Level 1.1 Conjurations
 + Level 3.0 Fire Magic


You had 3 spell levels left.
You knew the following spells:

 Your Spells              Type           Power      Damage    Failure   Level
a - Foxfire               Conj/Fire      32%        2x1d5     9%          1

Your spell library contained the following spells:

 Spells                   Type           Power      Damage    Failure   Level
 Scorch                   Fire           22%        2d6       9%          2
 Conjure Flame            Conj/Fire      8%         6-21      26%         3
 Inner Flame              Hex/Fire       6%         N/A       32%         3
 Flame Wave               Conj/Fire      8%         2d5       63%         4


Dungeon Overview and Level Annotations

Branches:
Dungeon (1/15)

Altars:


Innate Abilities, Weirdness & Mutations

You are small and have problems with some larger weapons.
You are completely attuned to the shadows.


Message History

Welcome, Flugkiller the Kobold Fire Elementalist.
It is said that the Orb of Zot exists deep within this dungeon.
Press ? for a list of commands and other information.
Found a staircase leading out of the dungeon.
Found an escape hatch in the floor.
Found a spear.
A jackal comes into view.
A jackal is nearby!
A jackal comes into view.
The jackal barks!
You hear a shout!
Sorry, you're not good enough to have a special ability.
Sorry, you're not good enough to have a special ability.
You conjure some foxfire!
The jackal bites you.
A jackal comes into view.
You conjure some foxfire!
The foxfire hits the jackal.
The jackal is heavily wounded.
The foxfire hits the jackal.
You kill the jackal!
The foxfire hits the jackal.
The jackal is lightly wounded.
The jackal closely misses you.
You conjure some foxfire!
The foxfire hits the jackal.
The jackal is lightly wounded.
The jackal misses you.
You are out of magic!
You are out of magic!
The foxfire hits the jackal.
The jackal is moderately wounded.
The foxfire hits the jackal.
The jackal is severely wounded.
The jackal bites you. x2
The jackal stops to sniff the ground.
The jackal closely misses you. The jackal misses you.
You are out of magic!
You barely miss the jackal.
The jackal is severely wounded.
The jackal barely misses you. x2
A jackal comes into view.
The jackal completely misses you. The jackal barely misses you.
You miss the jackal.
The jackal is severely wounded.
The jackal bites you but does no damage. x2
The jackal barks!
You hit the jackal.
The jackal is almost dead.
The jackal bites you but does no damage.
You closely miss the jackal.
The jackal is almost dead.
The jackal barely misses you. x2; The jackal closely misses you. x2
The jackal barely misses you.
You completely miss the jackal.
The jackal is almost dead.
The jackal bites you but does no damage.
The jackal bites you.
* * * LOW HITPOINT WARNING * * *
The jackal barely misses you.
You miss the jackal.
The jackal is almost dead.
The jackal bites you.
* * * LOW HITPOINT WARNING * * *
The jackal barely misses you. The jackal misses you.
The jackal closely misses you. The jackal barely misses you. x2
You are too injured to fight recklessly!
You hit the jackal.
You kill the jackal!
The jackal closely misses you. The jackal misses you.
You are too injured to fight recklessly!
Magic courses through your body. The jackal bites you.
You die...

####.##.
#......
.....##
#.)..#
##...##
##hh...#
#.@...##
#....#.#
##...###
#....#.#
#.#...##
##.....#
#<#...>#
########


You could see 2 jackals.

Vanquished Creatures
  2 jackals (D:1)
2 creatures vanquished.

Vanquished Creatures (others)
  5 foxfires (D:1)
5 creatures vanquished.

Grand Total: 7 creatures vanquished

Notes
Turn   | Place    | Note
-------+----------+-------------------------------------------
     0 | D:1      | Flugkiller the Kobold Fire Elementalist began the quest for
                  | the Orb.
     0 | D:1      | Reached XP level 1. HP: 10/10 MP: 3/3
    22 | D:1      | Slain by a jackal

Illustrated notes

Levels and vault maps discovered:
D:1:      minmay_arrival_jagged, layout_loops_corners,
          shapermc_ecumenical_altar_hornbeckon, minmay_misc_feat_doors

Action                   || total
-------------------------++-------
Melee: Unarmed           ||     7
 Cast: Foxfire           ||     3
  Use: Potion            ||     1
Armor: Robe              ||     4
Dodge: Dodged            ||    21
